Unix NetHack Version 5.0.0-0 post-release - last build May 23 2026 06:08:33 (1c0ff79ee797540d5714e4e18072db0edd9e58ae,branch:main).

Game began 2026-05-24 23:27:38, ended 2026-05-28 18:34:46.

Ch3Begorrah, chaotic male human Rogue

    ----------    ------------------------------------------------------------
    |.....)).|...............................................................|
    |*))[))?.|.................................................------------..|
    --)----)--...............(.................................|..[.......|..|
      )   |[.)...(.}}}}}}}....................}}}}}}}..........|...(......|..|
      #   |[.).[...}-----}....................}-----}[.........--|--+--...|..|
      #   -..).[...}|***|  }}}}}}}}}}}}}}}}}}}}|***|}................ |...|..|
      "  ......[...}---  ---------------------------})................|...|..|
      #   .........}}}|$$ $$$$$$$$$$$$|..........|}}}.................+...|..|
    --+----..........}|$$$$$$$$$$$$$G$|......\..%|}...................|...|..|
    |...$.|..........}|$$$$$$$$$$$$$$$|....T..%.T%}.).................|...|..|
    |$.[..+........}}}|$$$$$$$$$$$$$$$|..%@......|}}}.................+...|..|
    |.$[.$|........}---      -----------------------}.................|...|..|
    |.$$..|........}|***|%   %}}}}}}}}}}}}}}    ***|}.................|...|..|
    |.$-?----......}-----}...................  -----}.%........--+--+--..(|..|
    |$$|)...|....).}}} %}}....................}}}}}}}..........|..........|..|
    |$$|..^.|......... ........................................|.(..).....|..|
    -----------....... ........................................------------..|
              |....... ......................................................|
              -------   ------------------------------------------------------
Ch3Begorrah the Pilferer  St:25 Dx:18 Co:18 In:13 Wi:10 Ch:10  Chaotic
Fort Ludios $:0  HP:0(89) Pw:50(50) AC:-9 Xp:13 T:27838 

Latest messages:
 The gnomish wizard points at you, then curses.
 You hit the yellow dragon!
 You hit the yellow dragon!
 The gnomish wizard points at you, then curses.
 The yellow dragon bites!
 The yellow dragon hits!
 The yellow dragon hits again!
 What do you want to use or apply? [bdeg-jmrsuwyDHL-NPSU-Y or ?*] S
 In what direction? b
 Status of the yellow dragon (lawful, gigantic):  Level 16  HP 6(107)  AC -1.
 You kill the yellow dragon!
 The gnomish wizard points at you, then curses.
 You hit the gnomish wizard!
 You hit the gnomish wizard!
 You kill the gnomish wizard!
 k - a wand of create monster.
 The troll rises from the dead!
 You see here 5 blessed +2 daggers named Good.
 The troll picks up a cursed forked polearm.
 x - 5 blessed +2 daggers named Good (wielded in left hand) (6 in total).
 Autopickup: ON, for "!=/ objects, with some exceptions.
 x - 2 blessed +2 daggers named Good (wielded in left hand) (8 in total).
 The troll wields a cursed forked polearm!
 The forked polearm welds itself to the troll's claws!
 You see here a chest.
 What do you want to use or apply? [bdeg-kmrsuwyDHL-NPSU-Y or ?*] e
 In what direction? .
 There is a chest here; pick its lock? [ynq] (q) y
 You succeed in picking the lock.
 You trigger a trap!
 Suddenly you are frozen in place!
 The troll thrusts a forked polearm.
 A forked polearm misses you.
 The ice troll rises from the dead!
 The troll thrusts a forked polearm.
 A forked polearm misses you.
 The troll bashes with his forked polearm.
 The troll hits!
 The troll hits!
 The troll misses!
 The troll bashes with his forked polearm.
 The troll hits!
 The troll hits!
 The troll bites!
 The troll bashes with his forked polearm.
 The troll hits!
 The troll hits!
 The troll bites!
 You die...
 Do you want your possessions identified? [ynq] (y) q

Inventory:
 Amulets  ('"')
  J - an uncursed amulet of ESP (being worn)
 Weapons  (')')
  x - 8 blessed +2 daggers named Good (wielded in left hand)
  z - a +5 silver saber (wielded in right hand)
 Armor    ('[')
  K - an uncursed +0 dented pot (being worn)
  B - an uncursed thoroughly rusty +0 pair of gauntlets of power (being worn)
  R - an uncursed +2 pair of elven boots
  f - an uncursed +0 pair of water walking boots (being worn)
  F - an uncursed burnt +0 cloak of protection (being worn)
  o - a blessed +4 Hawaiian shirt with a water nymph motif (being worn)
  T - an uncursed greased +2 silver dragon scale mail (being worn)
 Comestibles  ('%')
  a - 2 uncursed carrots
  A - an uncursed K-ration
  Z - an uncursed lizard corpse
 Scrolls  ('?')
  n - an uncursed scroll of create monster
  E - a blessed scroll of enchant weapon
  q - an uncursed scroll of teleportation
 Potions  ('!')
  v - a blessed potion of extra healing named cursed
 Rings    ('=')
  O - an uncursed ring of conflict named ok
  Q - an uncursed ring of fire resistance named ok
  C - an uncursed ring of free action
  p - a blessed +2 ring of increase accuracy named ok
  I - an uncursed ring of polymorph control named ok (on left hand)
  c - an uncursed ring of protection from shape changers
 Wands    ('/')
  s - a wand of cancellation (0:5)
  L - a wand of cold (0:7)
  k - a wand of create monster (0:11)
  d - a wand of digging (0:8)
  r - a wand of digging (0:5)
  V - a wand of fire (0:6)
  M - a wand of fire (0:4)
  Y - a wand of fire named empty (0:0)
  y - a wand of light (0:2)
  H - a wand of polymorph (0:6)
  N - a wand of probing (0:3)
  X - a wand of slow monster (0:1)
  h - a wand of speed monster (0:4)
  i - a wand of speed monster (0:3)
  u - a wand of stasis (0:6)
  b - a blessed wand of striking (0:0)
  j - a wand of teleportation (0:5)
  D - a wand of teleportation (0:0)
 Tools    ('(')
  P - a blessed bag of holding containing 132 items
  m - an empty uncursed oilskin sack
  g - an uncursed blindfold
  e - an uncursed lock pick named A-D
  w - an uncursed magic lamp (lit)
  W - an uncursed magic whistle
  S - an uncursed stethoscope
  U - a +0 unicorn horn
 Gems/Stones  ('*')
  t - 3 uncursed worthless pieces of orange glass
  l - a blessed luckstone

Contents of the bag of holding:
  an uncursed amulet of reflection
  an uncursed amulet versus poison
  4 +2 daggers named Good2
  a +0 two-handed sword
  an uncursed +0 pair of iron shoes
  an uncursed +0 alchemy smock with text "I am an alchemist; if you see me running, try to catch up..."
  a blessed +1 dwarvish cloak
  an uncursed burnt +0 robe
  an uncursed +0 set of gray dragon scales
  an uncursed apple
  an uncursed C-ration
  2 uncursed eucalyptus leaves named ok
  3 uncursed food rations
  2 uncursed sprigs of wolfsbane named Unc
  2 uncursed tripe rations
  an uncursed tin of lizard meat
  an uncursed lizard corpse
  9 uncursed scrolls of blank paper
  3 cursed scrolls of blank paper
  2 uncursed scrolls of earth
  a blessed scroll of amnesia
  an uncursed scroll of charging named ok
  an uncursed scroll of confuse monster
  a blessed scroll of create monster
  2 uncursed scrolls of create monster
  an uncursed scroll of destroy armor
  a cursed scroll of destroy armor named cursed
  a blessed scroll of enchant armor
  2 uncursed scrolls of enchant armor
  a blessed scroll of fire
  a cursed scroll of fire
  3 uncursed scrolls of fire
  an uncursed scroll of food detection
  a blessed scroll of food detection
  2 uncursed scrolls of genocide named ok
  a blessed scroll of genocide
  a cursed scroll of genocide
  an uncursed scroll of gold detection
  an uncursed scroll of identify
  a cursed scroll of light
  2 uncursed scrolls of magic mapping
  a cursed scroll of remove curse
  an uncursed scroll of remove curse
  a cursed scroll of stinking cloud
  a blessed scroll of stinking cloud
  2 blessed scrolls of teleportation named ok
  4 uncursed scrolls of teleportation named ok
  an uncursed spellbook of charm monster
  an uncursed spellbook of charm monster
  an uncursed potion of restore ability
  an uncursed potion of monster detection
  2 potions of holy water
  2 potions of unholy water named cursed
  2 uncursed potions of acid
  an uncursed potion of full healing
  a cursed potion of full healing
  a blessed potion of gain energy
  an uncursed potion of gain energy
  an uncursed potion of healing
  an uncursed potion of object detection
  an uncursed potion of oil
  3 uncursed potions of paralysis
  a cursed potion of sleeping
  an uncursed potion of speed
  a cursed potion of speed
  a cursed -2 ring of gain strength named cursed
  an uncursed ring of polymorph
  an uncursed ring of poison resistance named ok
  an uncursed ring of see invisible
  an uncursed ring of teleportation named cursed
  an uncursed +1 ring of adornment
  an uncursed ring of fire resistance
  an uncursed ring of hunger
  an uncursed ring of invisibility
  a cursed ring of invisibility
  an uncursed ring of polymorph control
  an uncursed ring of shock resistance
  an uncursed ring of stealth
  a wand of create monster (0:12)
  a wand of create monster (0:11)
  a wand of create monster (0:15)
  a cursed wand of create monster (0:14)
  a cursed wand of digging (0:3)
  a wand of enlightenment (0:1)
  a cursed wand of light (0:8)
  a wand of lightning (0:0)
  a wand of polymorph (0:5)
  a cursed wand of polymorph (0:3)
  a cursed wand of sleep (0:3)
  a wand of speed monster (0:5)
  a wand of speed monster (0:1)
  a wand of speed monster (0:2)
  a wand of stasis (0:0)
  a cursed wand of striking (0:0)
  a wand of teleportation (0:0)
  a wand of teleportation (0:1)
  an empty uncursed sack
  an empty cursed sack
  an empty cursed sack
  a cursed horn of plenty (0:13)
  a magic harp (0:4)
  an uncursed leather drum
  2 uncursed partly used tallow candles
  an uncursed wax candle
  a cursed wax candle
  2 blessed wax candles
  6 uncursed tallow candles
  a blessed tallow candle
  a cursed partly used tallow candle
  a magic marker (1:42)
  an uncursed stethoscope
  3 uncursed worthless pieces of black glass
  an uncursed aquamarine stone
  an uncursed worthless piece of blue glass
  an uncursed turquoise stone
  5 uncursed emeralds
  8 uncursed worthless pieces of green glass
  2 uncursed rubies
  2 uncursed jasper stones
  7 uncursed worthless pieces of red glass
  2 uncursed amethyst stones
  an uncursed fluorite stone
  2 uncursed dilithium crystals
  3 uncursed diamonds
  4 uncursed worthless pieces of white glass
  9 uncursed worthless pieces of yellow glass
  an uncursed amber stone
  2 cursed worthless pieces of yellowish brown glass
  2 uncursed topaz stones
  5 uncursed worthless pieces of yellowish brown glass
  4 uncursed worthless pieces of orange glass
  2 uncursed luckstones

Ch3Begorrah the Rogue's attributes:

Background:
 You were a Pilferer, a level 13 male human Rogue.
 You were chaotic, nominally on a mission for Kos
 who was opposed by Issek (lawful) and Mog (neutral).
 You were right-handed.
 You were on the Fort Ludios level.
 You entered the dungeon 27838 turns ago.
 You had 59943 experience points, 20057 more were needed to attain level 14.

Basics:
 You had 0 out of 89 hit points.
 You had all 50 energy points (spell power).
 Your armor class was -9.
 Your wallet was empty.
 Autopickup was on for '"!=/' plus thrown, with exceptions.

Final Characteristics:
 Your strength was 25 (base:16, innate limit:18/100).
 Your dexterity was 18 (limit:18).
 Your constitution was 18 (limit:18).
 Your intelligence was 13 (limit:18).
 Your wisdom was 10 (limit:18).
 Your charisma was 10 (limit:18).

Final Status:
 You weren't hungry.
 You were unencumbered.
 You were wielding two weapons at once.
 You were skilled in saber and two weapons.
 You also were skilled in dagger and two weapons.

Final Attributes:
 You were piously aligned.
 You were cold resistant.
 You were shock resistant.
 You were poison resistant.
 You were telepathic.
 You had automatic searching.
 You were stealthy.
 You could walk on water.
 You were protected.
 You had polymorph control.
 You were fast.
 You had reflection.
 You were lucky.
 You had extra luck.
 Good luck did not time out for you.
 You are dead.

Miscellaneous:
 You encountered 3 bones levels.
 Total elapsed playing time was 12 hours, 20 minutes and 48 seconds.

Major events:
 Turn
    1: Ch3Begorrah the chaotic male human Rogue entered the dungeon
  814: entered the Gnomish Mines
  888: attained the rank of Cutpurse (level 3)
 3249: attained the rank of Rogue (level 6)
 6849: attained the rank of Pilferer (level 10)
10494: entered Sokoban
10911: completed 1st Sokoban level
11498: completed 2nd Sokoban level
12347: completed 3rd Sokoban level
13752: completed 4th Sokoban level
14033: acquired the Sokoban bag of holding
16664: reached Mine Town
20143: acquired the Mines' End luckstone
27728: killed Croesus
27838: killed by a troll, while frozen by a trap

Spells:
 Name                 Level Category     Fail Retention
 levitation             4   escape       100%  76%-100%
 light                  1   divination   100%   81%-90%

Skills:
 Fighting Skills
   bare handed combat [Unskilled]
   two weapon combat  [Skilled]
   riding             [Unskilled]
 Weapon Skills
   dagger             [Skilled]
   knife              [Unskilled]
   short sword        [Basic]
   broadsword         [Unskilled]
   long sword         [Unskilled]
   two-handed sword   [Basic]
   saber              [Skilled]
   club               [Unskilled]
   mace               [Unskilled]
   morning star       [Unskilled]
   flail              [Unskilled]
   hammer             [Unskilled]
   polearms           [Unskilled]
   spear              [Unskilled]
   crossbow           [Unskilled]
   dart               [Unskilled]
   shuriken           [Unskilled]
 Spellcasting Skills
   divination spells  [Basic]
   escape spells      [Unskilled]
   matter spells      [Unskilled]

Voluntary challenges:
 Character rerolling was not enabled.
 You were vegetarian.
 You were an atheist.
 You never genocided any monsters.
 You never polymorphed an object.
 You never changed form.
 You used no wishes.
 You did not violate any of the special Sokoban rules.
Achievements:
 You entered the Gnomish Mines.
 You attained the rank of Cutpurse.
 You entered a shop.
 You attained the rank of Rogue.
 You attained the rank of Pilferer.
 You entered Sokoban.
 You completed Sokoban.
 You entered Minetown.
 You completed the Gnomish Mines.
 You entered a temple.

 The Dungeons of Doom: levels 1 to 23
    Level 1:
       A fountain.
    Level 2:
    Level 3:
       Stairs down to The Gnomish Mines.
    Level 4:
       A fountain.
    Level 5:
    Level 6:
       Many fountains.
       Oracle of Delphi.
    Level 7:
       Stairs up to Sokoban, level 6.
    Level 8:
       A general store.
    Level 9:
       A general store.
       Final resting place for
          ArrBianca-Pri-Elf-Fem-Cha, killed by a giant spider.
    Level 10:
    Level 11:
    Level 12:
       A fountain.
       Summoned by the Master of Thieves.
    Level 13:
    Level 14:
       A fountain.
    Level 15:
       A primitive area.
       Final resting place for
          Corncycle-Rog-Hum-Mal-Cha, turned to slime by a green slime.
    Level 16: "V"
    Level 17:
    Level 18:
    Level 19:
       A temple and some altars, a fountain.
    Level 20: "SB + HW"
       Some fountains, a sink.
    Level 21:
       A throne, a sink.
    Level 22:
       Portal to Fort Ludios.
    Level 23:
       Many trees.
 The Gnomish Mines: levels 4 to 12
    Level 4:
    Level 5:
    Level 6:
    Level 7:
       An altar, a fountain.
       Final resting place for
          jvanheel-Rog-Hum-Mal-Cha, killed by a hobbit, while frozen by a floating eye's gaze.
    Level 8:
    Level 9:
    Level 10:
    Level 11:
    Level 12:
       Some fountains.
 Sokoban: levels 6 up to 3
    Level 3:
       Solved.
    Level 4:
       Solved.
    Level 5:
       Solved.
    Level 6:
       Solved.
 Fort Ludios:
    Level 1: <- You were here.
       A throne.
       Fort Ludios.
       Final resting place for
          you, killed by a troll, while frozen by a trap.


Vanquished creatures:
    Croesus
  a purple worm
  a gray dragon
  a silver dragon
  a black dragon
  a green dragon
  2 yellow dragons
  a minotaur
  a baluchitherium
  2 Olog-hai
  a displacer beast
  a titanothere
  2 trappers
  2 vampire leaders
  2 guards
 an aligned cleric
  a captain
  2 nurses
  3 lurkers above
  a golden naga
  a black pudding
  3 vampires
  3 lieutenants
  4 ghosts
  2 queen bees
  2 winged gargoyles
  a mind flayer
  3 giant mimics
  3 long worms
  3 zruties
  2 ogre tyrants
  4 ice trolls
  3 rock trolls
  2 umber hulks
  a flesh golem
 an elven monarch
  2 large mimics
  a wumpus
  7 stalkers
 an air elemental
  a fire elemental
  2 earth elementals
  a hill giant
  a giant mummy
  2 black nagas
  a xorn
  5 giant zombies
 16 sergeants
  6 wargs
  2 winter wolves
  6 small mimics
  a warhorse
  a xan
  4 ettin mummies
 an ogre leader
  3 quantum mechanics
  4 trolls
  a sasquatch
  4 wood golems
  3 gelatinous cubes
  5 pyrolisks
  a large dog
  5 freezing spheres
  2 flaming spheres
  2 shocking spheres
  4 tigers
  3 gargoyles
  2 dwarf rulers
  5 tengu
  3 ochre jellies
  4 leocrottas
  3 energy vortices
  9 mountain centaurs
  3 stone giants
  a human mummy
  a green slime
  a python
  3 pit vipers
  a cobra
  a wraith
  3 carnivorous apes
  5 ettin zombies
  3 leather golems
  5 Grey-elves
 71 soldiers
  5 amorous demons
  5 chameleons
  a crocodile
  4 giant beetles
  a quivering blob
  7 cockatrices
  9 wolves
  4 winter wolf cubs
  2 lynxes
  a panther
  2 gremlins
  6 leprechauns
  2 orc-captains
  2 iron piercers
  a mumak
 12 giant spiders
  2 scorpions
  a horse
  3 ice vortices
  4 black lights
  3 vampire bats
  4 forest centaurs
  7 gnome rulers
  5 orc mummies
  3 dwarf mummies
  2 ogres
  2 brown puddings
  2 rust monsters
  5 owlbears
  6 yetis
  2 gold golems
  a werewolf
  4 giant eels
  8 lizards
  3 chickatrices
  a dingo
  4 dogs
  2 jaguars
  3 dwarf leaders
  2 blue jellies
  3 white unicorns
  a gray unicorn
  2 dust vortices
  3 ravens
  6 plains centaurs
  a gnome mummy
  2 snakes
 an ape
  8 human zombies
  a rope golem
  3 Woodland-elves
  a soldier ant
  2 fire ants
 33 bugbears
  2 imps
  3 quasits
  9 water nymphs
  5 mountain nymphs
  3 Mordor orcs
 15 Uruk-hai
  4 orc shamans
  5 rock piercers
  3 rock moles
  2 ponies
 14 fog clouds
  9 yellow lights
  a shrieker
  3 violet fungi
 22 gnome leaders
 10 gnomish wizards
  2 kobold mummies
  a black naga hatchling
  2 gray oozes
  a barrow wight
 10 elf zombies
  4 ghouls
  3 paper golems
  a giant ant
  2 little dogs
 11 floating eyes
  3 kittens
 17 dwarves
  3 homunculi
  2 kobold leaders
  3 kobold shamans
 17 hill orcs
  8 rothes
  a rabid rat
  4 giant bats
  2 monkeys
  6 orc zombies
  6 dwarf zombies
  a wererat
  a werejackal
 10 iguanas
 36 killer bees
  7 acid blobs
  7 coyotes
  a gas spore
  3 hobbits
  3 manes
  3 large kobolds
 28 hobgoblins
 12 giant rats
  8 cave spiders
  4 yellow molds
  a green mold
  2 red molds
 67 gnomes
 17 garter snakes
  6 gnome zombies
  6 geckos
  7 jackals
  5 foxes
  2 kobolds
 12 goblins
  4 sewer rats
 11 grid bugs
  3 bats
  6 lichens
  7 kobold zombies
 10 newts
1007 creatures vanquished.

No species were genocided or became extinct.

Game over:
                       ----------
                      /          \
                     /    REST    \
                    /      IN      \
                   /     PEACE      \
                  /                  \
                  |   Ch3Begorrah    |
                  |       0 Au       |
                  |   killed by a    |
                  |      troll       |
                  |                  |
                  |                  |
                  |       2026       |
                 *|     *  *  *      | *
        _________)/\\_//(\/(/\)/\//\/|_)_______

Goodbye Ch3Begorrah the Rogue...

You died in Fort Ludios with 217380 points,
and 0 pieces of gold, after 27838 moves.
You were level 13 with a maximum of 89 hit points when you died.

